 Dungeon Crawl Stone Soup version 0.17-a0-854-g4a4ba72 (webtiles) character file.

32 RobertPalmer the Insei (level 3, -2/17 HPs)
             Began as a Vine Stalker Transmuter on Apr 29, 2015.
             Killed by nerve-wracking pain
             ... invoked by Jessica
              (10 damage)
             ... on level 2 of the Dungeon.
             The game lasted 00:01:27 (604 turns).

RobertPalmer the Insei (Vine Stalker Transmuter)     Turns: 604, Time: 00:01:27

Health: -2/17      AC:  3    Str: 12    XL:     3   Next: 25%
Magic:  0/7        EV: 12    Int: 14    God:
Gold:   87         SH:  0    Dex: 14    Spells: 1 memorised, 5 levels left

rFire  . . .     SeeInvis .       - Unarmed
rCold  . . .     Clarity  .     b - +0 robe
rNeg   . . .     SustAb   .     (no shield)
rPois  .         Gourm    .     (no helmet)
rElec  .         Spirit   +     (no cloak)
rCorr  .         Warding  .     (no gloves)
rMut   .         Stasis   .     (boots currently unavailable)
MR     .....                    (no amulet)
Stlth  +.........               (no ring)
                                (no ring)

@: appendage (expiring), not resistant to hostile enchantments, very unstealthy
A: fangs 2, talons 3, regeneration 1, shaggy fur 1, magic shield, antimagic
bite, no device heal 3, rot immunity
a: End Transformation


You were on level 2 of the Dungeon.
You were not hungry.
You had grown temporary talons.
You visited 1 branch of the dungeon, and saw 2 of its levels.

You collected 87 gold pieces.

Inventory:

Missiles
 a - 21 arrows
Armour
 b - a +0 robe (worn)
Scrolls
 e - a scroll of random uselessness {unknown}
 f - 2 scrolls of identify {unknown}
 i - a scroll of magic mapping {unknown}
 k - a scroll of teleportation {unknown}
 l - 2 scrolls of recharging {unknown}
 n - a scroll of amnesia {unknown}
 o - a scroll of fear {unknown}
Potions
 g - 3 potions of restore abilities {unknown}
 j - a potion of beneficial mutation {unknown}
 m - a potion of curing {unknown}
 p - a potion of cancellation {unknown}
Books
 c - a book of Changes
Comestibles
 d - a bread ration {@e1}
 h - a meat ration {@e2}


   Skills:
 - Level 0.8 Fighting
 - Level 1.5 Dodging
 - Level 3.6 Unarmed Combat
 - Level 2.1 Spellcasting
 + Level 3.0 Transmutations


You had 5 spell levels left.
You knew the following spells:

 Your Spells              Type           Power        Failure   Level  Hunger
z - Beastly Appendage     Trmt           #.....       10%         1    #......


Dungeon Overview and Level Annotations

Branches:
Dungeon (2/15)

Altars:

Annotations:
D:2 Jessica


Innate Abilities, Weirdness & Mutations

You have extremely sharp teeth.
Your natural rate of healing is unusually fast.
You are covered in fur (AC +1).
When hurt, damage is shared between your health and your magic reserves.
Your bite disrupts and absorbs the magic of your enemies.
Potions and wands cannot restore your health.
You are immune to rotting.
You have claws for feet.


Message History

A hobgoblin is nearby!
Your feet morph into talons.
The hobgoblin shouts!
You now have 6/7 mp.
A hobgoblin comes into view.
The hobgoblin shouts!
A kobold comes into view. It is wielding a whip.
The hobgoblin barely misses you.
You closely miss the hobgoblin.
You bite the hobgoblin, but do no damage.
The hobgoblin closely misses you.
You closely miss the hobgoblin.
You claw the hobgoblin, but do no damage.
You bite the hobgoblin. You drain its power.
You feel invigorated. The hobgoblin barely misses you.
The hobgoblin hits you with a club.
You take 3 damage, and have 14/17 hp.
MP restored: 7 You hit the hobgoblin.
You kill the hobgoblin!
You hit the hobgoblin.
You bite the hobgoblin, but do no damage.
Your transformation is almost over.
The hobgoblin closely misses you.
You hit the hobgoblin.
You kill the hobgoblin!
The kobold barely misses you.
You hit the kobold.
You kill the kobold!
No target in view!
No target in view!
Things that are here:
a club; a hobgoblin corpse A goblin comes into view.
It is wielding a dagger.
A goblin is nearby!
A goblin is nearby!
A goblin is nearby!
A goblin is nearby!
You extend your transformation's duration.
The goblin barely misses you.
You now have 6/7 mp.
You hit the goblin but do no damage. The goblin closely misses you.
You hit the goblin.
You kill the goblin!
No target in view!
No target in view!
You now have 65 gold pieces (gained 10).
Your transformation is almost over.
You now have 72 gold pieces (gained 7).
Your talons disappear.
You now have 87 gold pieces (gained 15).
A kobold comes into view. It is wielding a club.
A kobold is nearby!
Health restored: 17; MP restored: 7 A kobold is nearby!
A kobold is nearby!
Jessica the Apprentice Sorceress comes into view.
Your feet morph into talons.
Jessica shouts!
Jessica shouts, "You're disturbing me!
I'll have to kill you!"
Jessica gestures wildly while chanting.
Jessica blinks!
You now have 6/7 mp.
Unknown command.
A kobold comes into view. It is wielding a whip.
The kobold shouts!
You barely miss the kobold. The kobold misses you.
You hit the kobold.
You kill the kobold!
Your transformation is almost over.
You hit Jessica but do no damage. You claw Jessica. Your bite misses Jessica.
The kobold hits you with a club. Jessica hits you.
You take 5 damage, and have 12/17 hp.
MASSIVE DAMAGE!!
You now have 5/7 mp.
You closely miss Jessica. Your kick misses Jessica. Your bite misses Jessica.
The kobold completely misses you. Jessica hits you.
You take 3 damage, and have 9/17 hp.
You now have 4/7 mp.
You closely miss Jessica. Your kick misses Jessica.
Jessica casts a spell at you. Pain shoots through your body!
The kobold closely misses you.
You now have 3/7 mp.
You closely miss the kobold. Your bite misses the kobold.
Jessica mumbles some strange words.
Jessica seems to speed up.
Unknown command.
You barely miss the kobold. Your punch misses the kobold.
The kobold misses you.
Jessica gestures wildly while chanting.
Jessica blinks!
You hit the kobold.
You kill the kobold!
Your Transmutations skill increases to level 3!
Jessica shouts, "You're disturbing me!
I'll have to kill you!" Jessica casts a spell at you.
Pain shoots through your body!
You take 2 damage, and have 8/17 hp.
You now have 2/7 mp.
Jessica gestures at you while chanting. Pain shoots through your body!
Ouch! That really hurt!
You die...

#########.............####
#.......#................####
#....................).......#
#.......##........##)..#..#.#
#######.###.......##........##
######...#######[.#####......
#..........## ##.## #.<..#.
#........#..#####..## #.....#
#........##.@.....(.######...
#........#####..............^
#.............ยง)....########.
#.........####.?.@..# ###..
#.........# #......# #...#
#########.# #......# #....##
... #.###........). .# ..#
....#....#. ... .....#####


You could see Jessica.

Vanquished Creatures
  An adder (D:2)
  A giant gecko (D:1)
  A giant cockroach (D:1)
  3 goblins
  7 hobgoblins
  2 jackals (D:2)
  2 bats
  5 kobolds
22 creatures vanquished.

Notes
Turn   | Place    | Note
--------------------------------------------------------------
     0 | D:1      | RobertPalmer, the Vine Stalker Transmuter, began the quest for the Orb.
     0 | D:1      | Reached XP level 1. HP: 9/9 MP: 4/4
   172 | D:1      | Reached XP level 2. HP: 14/14 MP: 4/6
   504 | D:2      | Reached XP level 3. HP: 15/17 MP: 5/7
   588 | D:2      | Noticed Jessica
   602 | D:2      | Reached skill level 3 in Transmutations
   604 | D:2      | Killed from afar by Jessica

Action                   || total
-------------------------++-------
Melee: Unarmed           ||    54
 Cast: Beastly Appendage ||    13
 Stab: Sleeping          ||     1

Vault maps used:
D:1:      dpeg_arrival_chambers_temple_mockup
D:2:      cheibriados_altar_1, makhleb_grotto_becter, uniq_jessica

Table legend:
 A = Turns spent in this place as a percentage of turns spent in the entire game.
 B = Non-inter-level travel turns spent in this place as a percentage of non-inter-level travel turns spent in the entire game.
 C = Inter-level travel turns spent in this place as a percentage of turns spent in this place.
 D = Turns resting spent in this place as a percentage of non-inter-level travel turns spent in this place.
 E = Turns spent auto-exploring this place as a percentage of non-inter-level travel turns spent in this place.
 F = Non-inter-level travel turns spent in this place divided by the number of levels of this place that you've seen.
                   A       B       C       D       E      F
               +-------+-------+-------+-------+-------+----------------------
         Total | 100.0 | 100.0 |   1.7 |   0.9 |  13.4 | 116.0
       Dungeon | 100.0 | 100.0 |   1.7 |   0.9 |  13.4 | 116.0
               +-------+-------+-------+-------+-------+----------------------

Table legend:
 A = Kills in this place as a percentage of kills in entire the game.
 B = Kills by you in this place as a percentage of kills by you in the entire game.
 C = Kills by friends in this place as a percentage of kills by friends in the entire game.
 D = Other kills in this place as a percentage of other kills in the entire game.
 E = Experience gained in this place as a percentage of experience gained in the entire game.
 F = Experience gained in this place divided by the number of levels of this place that you have seen.
                   A       B       C       D       E      F
               +-------+-------+-------+-------+-------+----------------------
         Total | 100.0 | 100.0 |  -nan |  -nan | 100.0 |  23.0
       Dungeon | 100.0 | 100.0 |  -nan |  -nan | 100.0 |  23.0
               +-------+-------+-------+-------+-------+----------------------
